Map: Oceanborn LE

Players

Blackened - Winner!

  • Race: Terran Terran
  • Spawn Location: 5:00

Subwayeatn

  • Race: Zerg Zerg
  • League: Platinum
  • Spawn Location: 11:00

VOD

Have the link to the VOD?

Description

Time

  • Played on: Nov. 3, 2023, 6:10 p.m.
  • Length: 8:49
Show
View Real Time Build Order
Export as new Build Order

Blackened Terran - Winner!

Build Orders: 2 Factory, Hellion Opening 

Get SALT Encoding   

  12  0:00  SCV  
  13  0:12  SCV  
  14  0:18  Supply Depot  
  14  0:25  SCV  
  15  0:28  Refinery  
  15  0:41  Barracks  
  15  0:44  SCV  
  16  0:52  Refinery  
  16  0:56  SCV  
  17  1:13  SCV  
  18  1:28  Factory  
  18  1:33  Barracks Reactor  
  18  1:36  Orbital Command  
  18  1:48  Supply Depot  
  18  2:02  SCV  
  19  2:20  Hellion  
  19  2:21  Hellion  
  19  2:22  Barracks Tech Lab  
  23  2:23  SCV  
  24  2:30  Supply Depot  
  24  2:42  Hellion  
  24  2:43  Hellion  
  28  2:52  Barracks Reactor  
  28  2:58  Factory  
  28  3:00  SCV  
  29  3:11  Supply Depot  
  29  3:12  SCV  
  30  3:20  Hellion  
  30  3:26  Hellion  
  26  3:43  Marine x2  
  30  3:52  Infernal Pre-Igniter  
  33  4:01  Siege Tank, Hellion x2  
  35  4:26  Command Center  
  35  4:31  Marine x2  
  35  4:33  SCV  
  37  4:42  Siege Tank  
  37  4:45  SCV  
  41  4:50  Hellion  
  43  4:56  Hellion  
  45  5:00  SCV  
  46  5:07  Supply Depot  
  46  5:09  Marine  
  47  5:28  Marine x2  
  47  5:29  Hellion x2  
  53  5:37  Siege Tank  
  56  5:46  Marine  
  56  5:47  Supply Depot  
  57  5:50  Marine  
  58  6:10  Siege Tank  
  58  6:22  Marine  
  58  6:23  Marine  
  58  6:24  Hellion x2  
  61  6:40  Marine x2  
  61  6:42  Siege Tank  
  66  6:51  Hellion  
  66  6:53  Hellion  
  70  6:58  Marine x2  
  55  7:13  Engineering Bay  
  55  7:14  Armory  
  55  7:17  SCV  
  56  7:26  Marine x2  
  58  7:35  Siege Tank  
  59  8:01  Marine x2  
  59  8:02  Hellion  
  59  8:03  Hellion  
  65  8:19  Marine x2  
  70  8:26  Hellion  
Show
View Real Time Build Order
Export as new Build Order

Subwayeatn Zerg 

Build Orders: Hatch First 

Get SALT Encoding   

  12  0:00  Drone  
  13  0:12  Overlord  
  13  0:18  Drone  
  14  0:31  Drone x2  
  16  0:50  Hatchery  
  16  0:53  Drone  
  16  0:55  Drone  
  17  0:59  Drone  
  17  1:01  Extractor  
  17  1:14  Spawning Pool  
  17  1:18  Drone  
  17  1:23  Drone  
  18  1:29  Drone  
  19  1:39  Drone  
  20  1:51  Overlord  
  20  2:03  Metabolic Boost  
  20  2:04  Queen  
  20  2:05  Queen  
  24  2:16  Drone x3  
  24  2:21  Zergling x2  
  28  2:24  Zergling x2  
  28  2:26  Zergling x2  
  30  2:43  Queen  
  32  2:46  Drone  
  32  2:48  Overlord  
  33  3:00  Drone x3  
  36  3:10  Hatchery  
  35  3:16  Drone x5  
  40  3:26  Queen  
  36  3:42  Zergling x6  
  36  3:45  Drone x3  
  42  3:53  Overlord  
  42  4:02  Pneumatized Carapace  
  42  4:08  Evolution Chamber  
  41  4:10  Spine Crawler  
  41  4:11  Overlord  
  41  4:17  Drone x5  
  45  4:23  Queen  
  47  4:42  Lair  
  47  4:45  Drone x3  
  50  4:46  Extractor  
  50  4:47  Drone  
  50  4:48  Drone x2  
  52  4:55  Drone x10  
  52  4:58  Extractor  
  52  4:59  Extractor  
  60  5:21  Drone  
  61  5:23  Overlord  
  61  5:26  Overlord  
  61  5:28  Drone x5  
  66  5:38  Zerg Melee Weapons Level 1  
  66  5:41  Overlord  
  65  5:48  Overseer  
  65  5:53  Spine Crawler  
  65  5:55  Spine Crawler  
  63  5:57  Drone, Spine Crawler  
  63  5:58  Drone x2  
  63  5:59  Spine Crawler  
  63  6:02  Zergling x6  
  63  6:03  Overseer  
  67  6:07  Zergling x4  
  67  6:08  Zergling x16  
  67  6:09  Zergling x8  
  77  6:21  Zergling x2  
  77  6:22  Zergling x4  
  77  6:23  Queen x3  
  65  7:10  Overlord  
  65  7:20  Spire  
  64  7:25  Overseer  
  64  7:33  Drone x12  
  76  7:37  Extractor x2  
  76  7:38  Zergling x2  
  73  7:47  Zergling x10  
  79  7:57  Spine Crawler  
  78  7:59  Spine Crawler  
  72  8:05  Zergling x2  
  72  8:06  Zergling x12  
  78  8:13  Hatchery  
  78  8:15  Zergling x2  
  78  8:30  Zergling x2  
  78  8:31  Zergling x14  
  78  8:32  Zergling x2  
Tags
 
Add a new tag
Caveats
  • Supply blocks, unpowered buildings, or Contaminate may cause inaccurate times.
  • Supply counts are checked every 10 seconds.